 Dungeon Crawl Stone Soup version 0.30.0 (webtiles) character file.

Game seed: 11668582985617233209

50762 Ic0nGaming the Grappler (level 14, -10/137 HPs)
             Began as a Troll Fighter on May 6, 2023.
             Was the Champion of Makhleb.
             Mangled by a skyshark (23 damage)
             ... on level 5 of the Lair of Beasts.
             The game lasted 00:38:21 (16190 turns).

Ic0nGaming the Grappler (Troll Fighter)            Turns: 16190, Time: 00:38:21

Health: -10/137    AC: 11    Str: 27    XL:     14   Next: 20%
Magic:  21/21      EV: 11    Int:  4    God:    Makhleb [******]
Gold:   1715       SH: 11    Dex: 13    Spells: 13/13 levels left

rFire   + .          .
                       - Unarmed
rCold   . . .        b - +1 kite shield
rNeg    . . .        I - +0 acid dragon scales
rPois   .            (helmet restricted)
rElec   .            i - +1 cloak
rCorr   +            (gloves unavailable)
SInv    .            (boots unavailable)
Will    +....        (no amulet)
Stlth   +            f - +4 ring of slaying
HPRegen 1.22/turn    O - ring of protection from fire
MPRegen 0.17/turn

%: no passive effects
@: about to teleport, invisible
A: large, unfitting armour, claws 3, regeneration 1, shaggy fur 1, tough skin 1
a: Renounce Religion, Minor Destruction, Lesser Servant of Makhleb, Major
Destruction, Greater Servant of Makhleb


You were on level 5 of the Lair of Beasts.
You worshipped Makhleb.
Makhleb was exalted by your worship.
You visited 3 branches of the dungeon, and saw 18 of its levels.
You also visited: Sewer and Bailey.

You collected 1940 gold pieces.
You spent 225 gold pieces at shops.

Inventory:

Missiles
 e - 34 poisoned darts
 r - 9 boomerangs (quivered)
 x - 6 javelins
 G - 2 throwing nets
Armour
 b - a +1 kite shield (worn)
 i - a +1 cloak (worn)
 I - +0 acid dragon scales (worn)
Jewellery
 f - a +4 ring of slaying (left claw)
 E - an amulet of magic regeneration
 O - a ring of protection from fire (right claw)
Wands
 m - a wand of charming (14)
 y - a wand of flame (26)
 A - a wand of iceblast (6)
 B - a wand of acid (4)
Scrolls
 h - a scroll of poison
 l - 2 scrolls of teleportation
 p - 3 scrolls of fog
 v - 2 scrolls of amnesia
 D - 4 scrolls of enchant weapon
 F - 2 scrolls of brand weapon
 J - 2 scrolls of magic mapping
Potions
 a - 2 potions of attraction
 c - 3 potions of might
 d - 13 potions of curing
 g - 5 potions of brilliance
 j - 2 potions of mutation
 o - a potion of ambrosia
 q - a potion of flight
 t - 2 potions of lignification {unknown}
 u - a potion of resistance {unknown}
 w - a potion of berserk rage {unknown}
 z - 2 potions of magic {unknown}
 C - a potion of experience {unknown}
 K - a potion of cancellation {unknown}
 L - 2 potions of haste {unknown}


   Skills:
 + Level 8.3 Fighting
 - Level 7.3 Throwing
 - Level 5.8 Armour
 - Level 6.3 Dodging
 - Level 7.1 Shields
 - Level 14.0 Unarmed Combat
 + Level 11.4 Invocations


You had 13 spell levels left.
You didn't know any spells.
Your spell library contained the following spells:

 Spells                   Type           Power      Damage    Failure   Level
 Beastly Appendage        Tmut           0%         N/A       77%         1
 Freeze                   Ice            0%         1d3       77%         1
 Magic Dart               Conj           0%         1d3       77%         1
 Necrotise                Necr           0%         1d4       77%         1
 Call Imp                 Summ           0%         N/A       88%         2
 Cigotuvi's Dreadful Rot  Necr/Pois/Air  0%         N/A       88%         2
 Ensorcelled Hibernation  Hex/Ice        0%         N/A       88%         2
 Passwall                 Tmut/Erth      0%         N/A       88%         2
 Wereblood                Tmut           0%         N/A       88%         2
 Dazzling Flash           Conj/Hex       0%         N/A       98%         3
 Frozen Ramparts          Ice            0%         1d1       98%         3
 Hailstorm                Conj/Ice       0%         3d3       98%         3
 Ignite Poison            Fire/Tmut/Pois 0%         N/A       98%         3
 Inner Flame              Hex/Fire       0%         N/A       98%         3
 Mephitic Cloud           Conj/Pois/Air  0%         N/A       98%         3
 Ozocubu's Armour         Ice            0%         N/A       98%         3
 Spider Form              Tmut/Pois      0%         N/A       98%         3
 Swiftness                Air            0%         N/A       98%         3
 Vampiric Draining        Necr           0%         2d6       98%         3
 Volatile Blastmotes      Fire/Tloc      0%         2d10      98%         3
 Anguish                  Hex/Necr       0%         N/A       100%        4
 Animate Dead             Necr           0%         N/A       100%        4
 Cause Fear               Hex            0%         N/A       100%        4
 Iskenderun's Mystic Bla  Conj/Tloc      0%         2d3       100%        4
 Agony                    Necr           0%         N/A       100%        5
 Freezing Cloud           Conj/Ice/Air   0%         6-21      100%        5
 Metabolic Englaciation   Hex/Ice        0%         N/A       100%        5
 Yara's Violent Unravell  Hex/Tmut       0%         3d3       100%        5
 Simulacrum               Ice/Necr       0%         N/A       100%        6
 Starburst                Conj/Fire      0%         6d3       100%        6
 Enfeeble                 Hex            0%         N/A       100%        7
 Haunt                    Necr/Summ      0%         N/A       100%        7
 Infestation              Necr           0%         N/A       100%        8


Dungeon Overview and Level Annotations

Branches:
Dungeon (11/15) Temple (0/1) D:7 Lair (5/5) D:11 Shoals (0/4) Lair:3 Spider (0/4) Lair:2 Orc (2/2) D:9 Elf (0/3) Orc:1 Orc:2 Sewer (visited) Bailey (visited) Slime: Lair:4-5

Altars:
Elyvilon
Makhleb
Nemelex Xobeh
Zin

Shops:
D:6 (

Annotations:
D:5 1 runed translucent door, Crazy Yiuf
Orc:2 Saint Roka


Innate Abilities, Weirdness & Mutations

You are too large for most types of armour.
You have claws for hands.
Your natural rate of healing is unusually fast.
You are covered in fur. (AC +1)
You have tough skin. (AC +1)


Message History

You feel much better. The skyshark misses you. The skyshark tail-slaps you. x2
The skyshark bites you!
* * * LOW HITPOINT WARNING * * *
The skyshark tail-slaps you!
* * * LOW HITPOINT WARNING * * *
The skyshark tail-slaps you.
* * * LOW HITPOINT WARNING * * *
You block the komodo dragon's attack.
The torpor snail bites something.
Your yak misses the water moccasin.
Your yak barely misses the water moccasin.
Unknown command.
You feel much better. The skyshark bites you! You block the skyshark's attack.
The skyshark completely misses you. You block the komodo dragon's attack.
The skyshark bites you.
The skyshark tail-slaps you but does no damage.
The skyshark misses you. The komodo dragon bites you.
The skyshark bites you but does no damage.
The skyshark tail-slaps you.
* * * LOW HITPOINT WARNING * * *
The skyshark tail-slaps you.
* * * LOW HITPOINT WARNING * * *
Your yak closely misses the water moccasin.
Your yak gores the skyshark!
Your yak barely misses the water moccasin.
As you read the scroll of teleportation, it crumbles to dust.
You feel strangely unstable.
You feel yourself speed up. The skyshark closely misses you.
The skyshark tail-slaps you!
* * * LOW HITPOINT WARNING * * *
The skyshark tail-slaps you but does no damage.
The komodo dragon barely misses you.
Your yak misses the water moccasin. The skyshark bites you!!
* * * LOW HITPOINT WARNING * * *
The skyshark tail-slaps you.
* * * LOW HITPOINT WARNING * * *
The skyshark barely misses you.
Your yak gores the water moccasin!
Your yak gores the skyshark!
Your yak gores the water moccasin.
You fade into invisibility!
The skyshark bites you!!
You die...

....... ..Y....
..#.Y........
.##..........#.
##
...........##
............
##.........###
#.........Y#l##
#........YSl@#
##........YY###
#...........#
............#
............#
............#
.......w....#
.............#
............##


You could see a skyshark (berserk, unable to see you, ally target), a komodo
dragon (unable to see you), a water moccasin (unable to see you) and 4 friendly
yaks.

Vanquished Creatures
  2 hydras (Lair:2)
  2 vault guards (Bailey)
  5 two-headed ogres
  8 death yaks
  An orc high priest (Orc:1)
  An ugly thing (D:11)
  An orc knight (Orc:1)
  An oklob plant (D:11)
  A manticore (D:9)
  18 elephants
  A black mamba (Lair:2)
  9 cane toads
  2 torpor snails (Lair:4)
  An unseen horror (D:11)
  12 komodo dragons
  3 rime drakes
  An efreet (D:9)
  2 polar bears
  2 trolls
  A merfolk (Lair:3)
  20 blink frogs
  4 dream sheep
  A jumping spider (Lair:2)
  A wraith (D:11)
  A vampire (D:9)
  6 wyverns
  4 hogs (D:10)
  5 humans
  13 yaks
  4 vampire mosquitoes (D:10)
  2 basilisks
  3 steam dragons
  A redback (Lair:2)
  6 wargs
  An acid dragon (D:11)
  8 water moccasins
  An ice beast (D:7)
  22 orc warriors
  5 black bears
  A sky beast (D:8)
  9 centaurs
  23 wolves
  An ogre (D:5)
  A phantom (D:6)
  5 kobold brigands
  4 gnoll sergeants
  18 bullfrogs
  A jelly (D:5)
  A scorpion (D:5)
  11 wights
  13 killer bees
  2 howler monkeys
  4 hounds
  14 orc priests
  2 sleepcaps
  Jessica (D:3)
  3 iguanas
  17 orc wizards
  3 hell rats (Lair:2)
  23 gnolls
  11 adders
  5 river rats
  A white imp (D:7)
  2 ufetubi
  3 dart slugs
  60 orcs
  9 endoplasms
  2 giant cockroaches
  15 goblins
  7 hobgoblins
  5 quokkas
  3 training dummies (D:6)
  7 ball pythons
  6 bats
  9 frilled lizards
  27 kobolds
  21 rats
532 creatures vanquished.

Vanquished Creatures (collateral kills)
  2 death yaks (Lair:4)
  An elephant (Lair:2)
  Prince Ribbit (Bailey)
  A centaur (D:8)
  2 wights (D:8)
  A gnoll (D:8)
  2 orcs (D:8)
  2 hobgoblins (D:8)
12 creatures vanquished.

Vanquished Creatures (others)
  A yak (D:9)
  A bush (Lair:2)
  24 fungi
  29 plants
55 creatures vanquished.

Grand Total: 599 creatures vanquished

Notes
Turn   | Place    | Note
-------+----------+-------------------------------------------
     0 | D:1      | Ic0nGaming the Troll Fighter began the quest for the Orb.
     0 | D:1      | Reached XP level 1. HP: 22/22 MP: 0/0
   270 | D:1      | Reached XP level 2. HP: 29/29 MP: 1/1
   358 | D:1      | Reached skill level 3 in Unarmed Combat
   470 | D:1      | Found a faded altar of an unknown god.
   539 | D:1      | Prayed at the altar of an unknown god.
   539 | D:1      | Became a worshipper of Makhleb the Destroyer
   539 | D:1      | Reached * piety under Makhleb
  1052 | D:2      | Reached XP level 3. HP: 26/36 MP: 2/2
  1281 | D:2      | Found a white marble altar of Elyvilon.
  1472 | D:2      | Reached skill level 4 in Unarmed Combat
  1599 | D:3      | Reached XP level 4. HP: 44/44 MP: 3/3
  1780 | D:3      | Found a sparkling altar of Nemelex Xobeh.
  1810 | D:3      | Reached ** piety under Makhleb
  2031 | D:3      | Noticed Jessica
  2041 | D:3      | Killed Jessica
  2042 | D:3      | Reached skill level 5 in Unarmed Combat
  2457 | D:4      | Reached XP level 5. HP: 50/50 MP: 4/4
  2930 | D:4      | Found a glowing silver altar of Zin.
  2948 | D:4      | Noticed a black bear
  2957 | D:4      | Killed a black bear
  2958 | D:4      | Reached skill level 6 in Unarmed Combat
  2958 | D:4      | Reached XP level 6. HP: 40/59 MP: 5/5
  3140 | D:5      | Entered Level 5 of the Dungeon
  3238 | D:5      | Reached skill level 7 in Unarmed Combat
  3266 | D:5      | Found a runed translucent door.
  3267 | D:5      | Noticed Crazy Yiuf
  3335 | D:5      | Reached XP level 7. HP: 66/66 MP: 6/6
  3414 | D:5      | Reached skill level 8 in Unarmed Combat
  3561 | D:5      | Reached skill level 9 in Unarmed Combat
  3856 | D:6      | Noticed a steam dragon
  3863 | D:6      | Killed a steam dragon
  3864 | D:6      | Reached XP level 8. HP: 74/74 MP: 7/7
  3872 | D:6      | Reached *** piety under Makhleb
  3981 | D:6      | Found a glowing drain.
  3993 | D:6      | Reached skill level 1 in Invocations
  4012 | Sewer    | Entered a sewer
  4829 | D:6      | Found Mareuble's Firing Range.
  4857 | D:6      | Bought 5 javelins for 225 gold pieces
  4927 | D:7      | Reached skill level 10 in Unarmed Combat
  5290 | D:7      | Reached XP level 9. HP: 64/79 MP: 11/11
  5357 | D:7      | Found a staircase to the Ecumenical Temple.
  5371 | D:7      | Reached **** piety under Makhleb
  5521 | D:8      | Reached skill level 11 in Unarmed Combat
  5522 | D:8      | Found a flagged portal.
  5566 | Bailey   | Entered a bailey
  5651 | Bailey   | Reached skill level 12 in Unarmed Combat
  5718 | Bailey   | Noticed a vault guard
  5718 | Bailey   | Noticed Prince Ribbit
  5726 | Bailey   | Killed Prince Ribbit
  5727 | Bailey   | Reached skill level 13 in Unarmed Combat
  5732 | Bailey   | Killed a vault guard
  5733 | Bailey   | Reached XP level 10. HP: 48/88 MP: 12/12
  5871 | Bailey   | Noticed a vault guard
  5883 | Bailey   | Killed a vault guard
  5884 | Bailey   | Reached skill level 14 in Unarmed Combat
  6164 | D:8      | Reached skill level 1 in Armour
  6684 | D:9      | Noticed a two-headed ogre
  6730 | D:9      | Killed a two-headed ogre
  6778 | D:9      | Reached XP level 11. HP: 91/100 MP: 13/13
  7283 | D:9      | Reached skill level 1 in Throwing
  7300 | D:9      | HP: 5/101 [efreet/fireball (19)]
  7386 | D:9      | Reached skill level 5 in Shields
  7562 | D:9      | Noticed a two-headed ogre
  7571 | D:9      | Killed a two-headed ogre
  7669 | D:9      | Found a staircase to the Orcish Mines.
  7914 | Orc:1    | Entered Level 1 of the Orcish Mines
  8089 | D:9      | Reached ***** piety under Makhleb
  8330 | Orc:1    | Reached skill level 5 in Fighting
  8428 | Orc:1    | Reached skill level 5 in Dodging
  8628 | Orc:2    | Entered Level 2 of the Orcish Mines
  8628 | Orc:2    | Found a staircase to the Elven Halls.
  8670 | Orc:2    | Noticed an orc high priest
  8673 | Orc:2    | Noticed an orc knight
  8677 | Orc:2    | Noticed a sun demon
  9032 | Orc:1    | Killed an orc high priest
  9060 | Orc:2    | Noticed an orc knight
  9254 | Orc:2    | Noticed an orc knight
  9283 | Orc:2    | Noticed an orc high priest
  9353 | Orc:2    | Noticed Saint Roka
  9562 | Orc:1    | Killed an orc knight
  9812 | D:10     | Entered Level 10 of the Dungeon
  9901 | D:10     | Noticed a two-headed ogre
  9921 | D:10     | Killed a two-headed ogre
  9922 | D:10     | Reached skill level 5 in Throwing
  9922 | D:10     | Reached XP level 12. HP: 105/111 MP: 14/14
  9968 | D:10     | Identified the +11 quarterstaff of Conflict {heavy, Drain
                  | rCorr Str+3 Int+3}
 10832 | D:11     | Reached skill level 5 in Armour
 10834 | D:11     | Noticed a two-headed ogre
 10840 | D:11     | Killed a two-headed ogre
 11094 | D:11     | Noticed a two-headed ogre
 11110 | D:11     | Killed a two-headed ogre
 11239 | D:11     | Found a staircase to the Lair.
 11569 | Lair:1   | Entered Level 1 of the Lair of Beasts
 11587 | Lair:1   | Reached ****** piety under Makhleb
 11851 | Lair:1   | Reached skill level 5 in Invocations
 12333 | Lair:2   | Noticed a seven-headed hydra
 12350 | Lair:2   | Reached XP level 13. HP: 122/122 MP: 16/16
 13350 | Lair:2   | You fall into a shaft and drop 1 floor!
 13623 | Lair:2   | Found a hole to the Spider Nest.
 14157 | Lair:3   | Reached skill level 10 in Invocations
 14316 | Lair:3   | Found a staircase to the Shoals.
 14977 | Lair:4   | Identified the +0 leather armour of a bailey {Str+8 Int+4
                  | Dex-5}
 15545 | Lair:4   | Reached XP level 14. HP: 135/135 MP: 21/21
 15947 | Lair:5   | Entered Level 5 of the Lair of Beasts
 16190 | Lair:5   | Mangled by a skyshark

Illustrated notes

Levels and vault maps discovered:
D:1:      evilmike_arrival_crescent, layout_loops_ring, serial_rivers,
          chequers_serial_rivers_small_3, chequers_serial_rivers_micro_b,
          chequers_serial_rivers_micro_c, chequers_serial_rivers_large_b,
          chequers_serial_rivers_micro_b, chequers_serial_rivers_room_b,
          ebering_ecumenical_altar_webs
D:2:      layout_loops_ring, basic_altar
D:3:      layout_loops_corners, nemelex_spade_bored_becter,
          minmay_misc_feat_rows, uniq_jessica
D:4:      layout_layer_cave, old_standard_altar
D:5:      minmay_spotlight, layout_basic, uniq_crazy_yiuf_cottage
D:6:      layout_basic, portal_sewer_entry_a, roderic_lattice_a,
          nicolae_shop_firing_range
D:7:      layout_basic, minmay_temple_entry_grid
D:8:      layout_rooms, serial_aquarium, aquarium_bridge_island_small
          [aquarium_subvault_small_water, aquarium_subvault_bridge,
          aquarium_subvault_balcony, aquarium_subvault_window,
          aquarium_subvault_wall], aquarium_bridge_straight
          [aquarium_subvault_bridge, aquarium_subvault_wall,
          aquarium_subvault_bridge, aquarium_subvault_balcony],
          aquarium_window_1, aquarium_window_corner, aquarium_window_double,
          aquarium_window_2, aquarium_view_2c, enter_bailey_5, sigmund_army
D:9:      hangedman_cross_stitches, layout_basic, david_orc_5
D:10:     layout_loops_ring, grunt_livestock, minmay_tree_intersection
D:11:     kennysheep_six_static_rooms, layout_irregular_city, dpeg_oklobed_lair
Lair:1:   layout_misc_corridors, beast_lair_carwin_9, grunt_megastairs_3,
          lemuel_fruit_tree
Lair:2:   layout_long_grid, spider_nest_entry_a, kennysheep_abandoned_house
Lair:3:   layout_roguey, elwin_shoals_entry_rooms, grunt_megastairs_2
Lair:4:   layout_layer_cave
Lair:5:   evil_forest, layout_hall_layers, minmay_slime_entry_eyes, st_stairs_6
Orc:1:    cheibrodos_orc_guarddog, layout_caves
Orc:2:    grunt_orc_gardens, layout_diamond_mine, grunt_orc_garden,
          grunt_orc_garden, grunt_orc_garden, grunt_orc_garden,
          bh_open_orc_temple, uniq_saint_roka

Skill      XL: |  1  2  3  4  5  6  7  8  9 10 11 12 13 14 |
---------------+-------------------------------------------+-----
Unarmed Combat | 3 4 5 6 7 9 10 13 14 | 14.0
Invocations    | 4 5 10 11 | 11.4
Shields        | 4 6 7 |  7.1
Armour         | 3 4 5 |  5.8
Fighting       | 4 5 6 7 8 |  8.3
Dodging        | 4 5 6 |  6.3
Throwing       | 5 7 |  7.3

Action                     |  1- 3 |  4- 6 |  7- 9 | 10-12 | 13-15 || total
---------------------------+-------+-------+-------+-------+-------++-------
  Melee: Unarmed           |    91 |   101 |   236 |   686 |   390 ||  1504
  Throw: Dart              |       |     3 |     4 |    51 |       ||    58
         Boomerang         |       |       |     6 |    32 |    93 ||   131
         Throwing net      |       |       |       |     2 |       ||     2
 Invoke: Lesser Servant of |       |       |     2 |     3 |     7 ||    12
         Major Destruction |       |       |       |       |     8 ||     8
         Minor Destruction |       |       |       |       |     5 ||     5
  Evoke: Wand              |       |       |       |     1 |     4 ||     5
    Use: Scroll            |     3 |     7 |     4 |    10 |     7 ||    31
         Potion            |       |       |       |     6 |     4 ||    10
   Stab: Sleeping          |     1 |     2 |     3 |       |       ||     6
         Distracted        |       |       |     1 |     2 |       ||     3
         Held in net/web   |       |       |       |     3 |       ||     3
         Invisible         |       |       |       |     5 |       ||     5
 Armour: Robe              |    22 |    49 |    22 |       |       ||    93
         Steam dragon scal |       |       |    58 |   144 |       ||   202
         Acid dragon scale |       |       |       |    49 |   118 ||   167
  Dodge: Dodged            |    27 |    34 |    96 |   265 |   149 ||   571
  Block: Kite shield       |    30 |    32 |    93 |   352 |   230 ||   737
